 Dungeon Crawl Stone Soup version 0.25-a0-1024-gbfbf38f2cb (webtiles) character file.

Game seed: 2378225571352530567, levelgen mode: classic

268 Amnesiac the Twirler (level 6, 0/35 HPs)
             Began as a Deep Elf Gladiator on May 12, 2020.
             Was an Initiate of Ru.
             Slain by an orc
             ... wielding a +0 mace
              (3 damage)
             ... on level 4 of the Dungeon.
             The game lasted 00:04:39 (2343 turns).

Amnesiac the Twirler (Deep Elf Gladiator)           Turns: 2343, Time: 00:04:39

Health: 0/35       AC:  6    Str: 13    XL:     6   Next: 0%
Magic:  9/9        EV: 13    Int: 13    God:    Ru [......]
Gold:   121        SH:  3    Dex: 16    Spells: 5/5 levels left

rFire    . . .     SeeInvis .   a - +0 quarterstaff
rCold    . . .     Gourm    .   (shield currently unavailable)
rNeg     . . .     Faith    .   g - +0 ring mail
rPois    .         Spirit   .   c - +0 helmet
rElec    .         Reflect  +   (no cloak)
rCorr    .         Harm     .   (no gloves)
MR       .....                  (no boots)
Stlth    +.........             r - +3 amulet of reflection
HPRegen  0.11/turn              (no ring)
MPRegen  0.11/turn              (no ring)

@: no status effects
A: no striking features
a: Renounce Religion


You were on level 4 of the Dungeon.
You worshipped Ru.
Ru was noncommittal.
You were not hungry.

You visited 1 branch of the dungeon, and saw 4 of its levels.

You collected 121 gold pieces.

Inventory:

Hand Weapons
 a - a +0 quarterstaff (weapon)
Missiles
 b - 2 atropa-tipped darts
 d - 3 throwing nets
 e - a poisoned dart
 h - 160 stones
 i - 43 arrows
 m - 3 curare-tipped darts (quivered)
Armour
 c - a +0 helmet (worn)
 g - a +0 ring mail (worn)
 u - a +2 robe of cold resistance
Jewellery
 r - a +3 amulet of reflection (around neck)
Wands
 o - a wand of random effects (7)
Scrolls
 l - 2 scrolls of identify {!r, unknown}
Potions
 j - a potion of berserk rage {!q, unknown}
 k - 2 potions of curing {!q, unknown}
 n - a potion of flight {!q, unknown}
 q - a potion of haste {!q, unknown}
 s - a potion of lignification {!q, unknown}
 t - 2 potions of invisibility {!q, unknown}
Comestibles
 f - 3 rations
 p - 8 chunks of flesh


   Skills:
 + Level 2.1 Fighting
 * Level 5.1 Staves
 - Level 2.0 Throwing
 + Level 2.0 Armour
 + Level 4.2 Dodging
 + Level 1.9 Evocations


You had 5 spell levels left.
You didn't know any spells.
Your spell library was empty.

Dungeon Overview and Level Annotations

Branches:
Dungeon (4/15)
 Temple: D:4-7

Altars:
Cheibriados
Ru


Message History

You barely miss the orc.
The orc is almost dead.
The hobgoblin shouts!
You hear a shout!
The orc barely misses you. You block the orc's attack.
You hear a shout!
You closely miss the orc.
The orc is almost dead.
An orc comes into view. It is wielding a +0 mace.
The orc barely misses you. You block the orc's attack.
You closely miss the orc.
The orc is almost dead.
You block the orc's attack.
You completely miss the orc.
The orc is almost dead.
You block the orc's attack. The orc barely misses you.
You closely miss the orc.
The orc is almost dead.
The hobgoblin closely misses you. The orc hits you but does no damage.
You closely miss the orc.
The orc is almost dead.
You block the orc's attack.
The hobgoblin hits you but does no damage.
The orc misses you.
You sock the orc!
You kill the orc!
The orc misses you.
The hobgoblin hits you but does no damage.
The hobgoblin misses you. The orc closely misses you.
There is a stone staircase leading down here.
Things that are here:
a +0 dagger; a +0 leather armour; an orc corpse The orc priest mumbles some strange prayers to Beogh against you.
Beogh smites you!
* * * LOW HITPOINT WARNING * * *
The hobgoblin closely misses you. You block the orc's attack.
You climb downwards.
There is a stone staircase leading up here.
The hobgoblin misses you. The orc barely misses you.
You climb upwards.
The orc misses you.
The orc priest calls down the wrath of Beogh upon you.
Beogh smites you!
* * * LOW HITPOINT WARNING * * *
There is a stone staircase leading down here.
Things that are here:
a +0 leather armour; a +0 dagger; an orc corpse Unknown command.
Unknown command.
Unknown command.
Unknown command.
You barely miss the orc. The hobgoblin closely misses you.
The orc barely misses you. You block the orc's attack.
Unknown command.
Unknown command.
Unknown command.
Unknown command.
Unknown command.
Okay, then.
The hobgoblin hits you with a +0 club.
* * * LOW HITPOINT WARNING * * *
You climb downwards.
There is a stone staircase leading up here.
The orc closely misses you. x2
The orc closely misses you. The orc hits you with a +0 mace.
You die...

#######
##.....
#.....
#....
#.#.###
#.#g).#
#.o.o.#
#.#@..#
#.#..##
# ##.#
...
#...
.#...
....
.....


You could see 2 orcs and a hobgoblin.

Vanquished Creatures
  Sigmund (D:3)
  An orc priest (D:3)
  A worker ant (D:4)
  An adder (D:3)
  4 dart slugs (D:1)
  3 leopard geckos
  An orc (D:3)
  2 ball pythons
  7 bats
  4 giant cockroaches
  5 goblins
  3 hobgoblins
  4 jackals (D:3)
  7 kobolds
  A quokka (D:3)
  5 frilled lizards
  5 rats
55 creatures vanquished.

Notes
Turn   | Place    | Note
-------+----------+-------------------------------------------
     0 | D:1      | Amnesiac the Deep Elf Gladiator began the quest for the
                  | Orb.
     0 | D:1      | Reached XP level 1. HP: 12/12 MP: 3/3
     2 | D:1      | Noticed a demonspawn
     2 | D:1      | Noticed a spriggan
     4 | D:1      | Noticed a draconian
     4 | D:1      | Noticed a halfling
     6 | D:1      | Noticed a vine stalker
     6 | D:1      | Noticed a naga
     8 | D:1      | Noticed an ogre
     8 | D:1      | Noticed a human
    10 | D:1      | Noticed a centaur
    12 | D:1      | Noticed a dwarf
    14 | D:1      | Noticed a troll
    14 | D:1      | Noticed a gargoyle
    16 | D:1      | Noticed a formicid
    16 | D:1      | Noticed a merfolk
    18 | D:1      | Noticed a ghoul
    18 | D:1      | Noticed an elf
    20 | D:1      | Noticed a minotaur
    20 | D:1      | Noticed a demigod
    22 | D:1      | Noticed a vampire
    22 | D:1      | Noticed an octopode
    26 | D:1      | Noticed a felid
    26 | D:1      | Noticed a tengu
   207 | D:1      | Reached XP level 2. HP: 12/16 MP: 4/4
   210 | D:1      | Found a snail-covered altar of Cheibriados.
   610 | D:1      | Reached skill level 1 in Armour
  1064 | D:1      | Reached XP level 3. HP: 20/20 MP: 5/5
  1375 | D:2      | Found a sacrificial altar of Ru.
  1425 | D:2      | Reached skill level 4 in Staves
  1489 | D:2      | Became a worshipper of Ru the Awakened
  1862 | D:3      | Reached XP level 4. HP: 25/25 MP: 6/6
  2080 | D:3      | Noticed Sigmund
  2098 | D:3      | Killed Sigmund
  2098 | D:3      | Reached skill level 5 in Staves
  2098 | D:3      | Reached skill level 1 in Evocations
  2098 | D:3      | Reached XP level 5. HP: 30/30 MP: 6/8
  2324 | D:3      | Reached XP level 6. HP: 27/35 MP: 9/9
  2343 | D:4      | Slain by an orc

Illustrated notes

Levels and vault maps discovered:
D:1:      kb_arrival_jail, layout_basic, cheibriados_altar_1
D:2:      layout_rooms, first_ration, grunt_decor_mini_mirrors,
          nicolae_ru_awakened_eye
D:3:      layout_rooms, uniq_sigmund
D:4:      layout_basic, lightli_temple_of_fire, sigmund_army

Skill      XL: |  1  2  3  4  5 |
---------------+----------------+-----
Armour         | 1 2 |  2.0
Staves         | 4 5 |  5.1
Fighting       | 2 |  2.1
Dodging        | 4 |  4.2
Evocations     | 1 |  1.9
Throwing       | |  2.0

Action                   |  1- 3 |  4- 6 || total
-------------------------+-------+-------++-------
Melee: Quarterstaff      |    96 |    51 ||   147
Throw: Dart              |    14 |    21 ||    35
       Stone             |    27 |    17 ||    44
  Eat: Chunk             |     3 |     2 ||     5
Armor: Leather armour    |    11 |       ||    11
       Ring mail         |    15 |    17 ||    32
Dodge: Dodged            |    62 |    52 ||   114
Block: Other             |       |    16 ||    16

Table legend:
 A = Non-vault XP
 B = Vault XP
 C = Vault XP percentage of total XP
 D = Non-vault monster count
 E = Vault monster count
 F = Vault count percentage of total count
                 A         B        C        D         E       F
            +---------+---------+-------+---------+---------+-------
      Total |     186 |     197 |  51.4 |      54 |       1 |   1.8
            +---------+---------+-------+---------+---------+-------
        D:1 |      46 |       0 |   0.0 |      21 |       0 |   0.0
        D:2 |      11 |       0 |   0.0 |       7 |       0 |   0.0
        D:3 |      96 |     197 |  67.2 |      25 |       1 |   3.8
        D:4 |      33 |       0 |   0.0 |       1 |       0 |   0.0
            +---------+---------+-------+---------+---------+-------
